 Dungeon Crawl Stone Soup version 0.29-a0-378-gc08b2e8bf8 (webtiles) character file.

Game seed: 8638173270000164363

230 CovertPenguin the Quickloader (level 6, -3/30 (35) HPs)
             Began as a Kobold Hunter on May 5, 2022.
             Was a Believer of Elyvilon.
             Slain by a necrophage (5 damage)
             ... in a sewer.
             The game lasted 00:06:47 (2450 turns).

CovertPenguin the Quickloader (Kobold Hunter)       Turns: 2450, Time: 00:06:48

HP:   -3/30 (35)    AC:  1    Str:  9    XL:     6   Next: 24%
MP:   5/5           EV: 14    Int: 10    God:    Elyvilon [**....]
Gold: 114           SH:  0    Dex: 20    Spells: 5/5 levels left

rFire   . . .      SeeInvis .   a - +2 hand crossbow
rCold   . . .      Faith    .   (no shield)
rNeg    . . .      Spirit   .   b - +0 leather armour
rPois   .          Reflect  .   (no helmet)
rElec   .          Harm     .   (no cloak)
rCorr   .          Rampage  .   (no gloves)
Will    .....      Rage     1%  (no boots)
Stlth   +++.......              (no amulet)
HPRegen 0.10/turn               (no ring)
MPRegen 0.09/turn               (no ring)

@: heavily drained
A: small, no large weapons, nightstalker 3, berserk 1, deformed body, low MP 1
a: Renounce Religion, Purification, Heal Other


You were in a sewer.
You worshipped Elyvilon.
Elyvilon was pleased with you.
You visited 1 branch of the dungeon, and saw 3 of its levels.
You also visited: Sewer.

You collected 114 gold pieces.

Inventory:

Hand Weapons
 a - a +2 hand crossbow (weapon)
 y - a +3 dagger
   (You took it off a kobold in a sewer)
Missiles
 x - 14 poisoned darts
Armour
 b - a +0 leather armour (worn)
 h - a +0 leather armour
   (You found it on level 1 of the Dungeon)
 j - a +0 chain mail
   (You found it on level 1 of the Dungeon)
 n - a +0 buckler
   (You found it on level 2 of the Dungeon)
 q - a +0 robe
   (You found it on level 2 of the Dungeon)
 r - a +0 scale mail
   (You found it on level 2 of the Dungeon)
 v - a +0 robe
   (You found it on level 3 of the Dungeon)
Magical Staves
 e - a staff of conjuration {!a}
   (You found it on level 1 of the Dungeon)
Jewellery
 l - a ring of wizardry
   (You found it on level 1 of the Dungeon)
Scrolls
 c - 2 scrolls of immolation {!r}
 f - 2 scrolls of torment {!r}
 g - a scroll of teleportation {@r4}
 i - 7 scrolls of identify {@r1}
 k - a scroll of amnesia
 o - a scroll of vulnerability {!r}
 u - a scroll of enchant weapon
Potions
 w - a potion of cancellation


   Skills:
 - Level 2.1 Fighting
 * Level 9.3 Crossbows
 - Level 2.4 Dodging
 - Level 1.3 Stealth


You had 5 spell levels left.
You didn't know any spells.
Your spell library contained the following spells:

 Spells                   Type           Power      Damage    Failure   Level
 Corpse Rot               Necr/Air       0%         N/A       63%         2
 Poisonous Vapours        Pois/Air       0%         N/A       63%         2
 Tukima's Dance           Hex            0%         N/A       85%         3
 Passage of Golubria      Tloc           0%         N/A       99%         4
 Yara's Violent Unravell  Hex/Tmut       0%         3d3       100%        5


Dungeon Overview and Level Annotations

Branches:
Dungeon (3/15)              Sewer (1/1)

Altars:
Cheibriados
Elyvilon

Annotations:
Sewer Grinder


Innate Abilities, Weirdness & Mutations

You are small and have problems with some larger weapons.
You are completely attuned to the shadows.
You tend to lose your temper in combat.
Armour fits poorly on your strangely shaped body.
Your magical capacity is low. (-10% MP)


Message History

Shoot: a) +2 hand crossbow
Aim: a shadow imp (heavily wounded, 67% to hit)
You shoot a bolt. The bolt hits the shadow imp.
You kill the shadow imp!
The adder zombie bites you but does no damage.
Shoot: a) +2 hand crossbow
Aim: an adder zombie (70% to hit)
You shoot a bolt. The bolt hits the adder zombie!
The adder zombie bites you.
* * * LOW HITPOINT WARNING * * *
Shoot: a) +2 hand crossbow
Aim: an adder zombie (heavily damaged, 70% to hit)
You shoot a bolt. The bolt hits the adder zombie.
The adder zombie barely misses you.
Shoot: a) +2 hand crossbow
Aim: an adder zombie (heavily damaged, 70% to hit)
You shoot a bolt. The bolt hits the adder zombie!
You destroy the adder zombie!
Shoot: a) +2 hand crossbow
Okay, then.
You start resting.
An endoplasm comes into view.
Shoot: a) +2 hand crossbow
Aim: a necrophage (70% to hit)
You shoot a bolt. The bolt closely misses the necrophage.
Shoot: a) +2 hand crossbow
Aim: an endoplasm (89% to hit)
You shoot a bolt. The bolt hits the endoplasm!
You kill the endoplasm!
Shoot: a) +2 hand crossbow
Aim: a necrophage (70% to hit)
You shoot a bolt. The bolt barely misses the necrophage.
The necrophage hits you.
* * * LOW HITPOINT WARNING * * *
You feel drained.
* * * LOW HITPOINT WARNING * * *
The necrophage attacks as you move away!
The necrophage hits you.
* * * LOW HITPOINT WARNING * * *
You feel drained.
Things that are here:
a +0 whip; a +0 dagger; a +0 hand crossbow The necrophage attacks as you move away!
The necrophage hits you. Elyvilon protects you from harm!
You feel drained. Elyvilon protects you from harm!
The necrophage attacks as you move away!
The necrophage hits you.
You die...

≈≈ ≈≈ ≈ #≈..' #≈≈.# #≈..#
#≈≈.#.≈≈≈≈≈≈≈ '''#
#≈≈@#..≈≈≈≈≈≈ ≈≈≈ .5..
#≈≈n#...≈≈≈≈≈≈≈≈≈≈
.⌠..###)####.#≈###≈≈#≈###
.....#.).#≈≈.)...........
._.⌠)')..≈≈≈≈............
....)#)..#≈≈.....†..)....
.⌠..###.####.###≈##≈##≈##
.... #≈≈.#...≈≈≈≈≈≈≈≈≈≈≈≈
+++# #K≈.#..≈≈≈≈≈≈≈≈≈≈≈≈≈


You could see a necrophage.

Vanquished Creatures
  A kobold brigand (Sewer)
  A mummy (D:3)
  2 adders (D:2)
  A river rat (D:3)
  2 shadow imps (Sewer)
  An ufetubus (Sewer)
  An adder zombie (Sewer)
  4 worms (D:2)
  A dart slug (D:1)
  7 endoplasms
  3 giant cockroaches
  6 goblins
  9 hobgoblins
  4 jackals (D:2)
  11 ball pythons
  5 bats
  5 frilled lizards
  A giant cockroach zombie (Sewer)
  17 kobolds
  2 kobold zombies (Sewer)
  8 rats
92 creatures vanquished.

Notes
Turn   | Place    | Note
-------+----------+-------------------------------------------
     0 | D:1      | CovertPenguin the Kobold Hunter began the quest for the
                  | Orb.
     0 | D:1      | Reached XP level 1. HP: 12/12 MP: 1/1
   259 | D:1      | Reached XP level 2. HP: 17/17 MP: 2/2
   272 | D:1      | Reached skill level 6 in Crossbows
   522 | D:1      | Reached XP level 3. HP: 18/21 MP: 3/3
   964 | D:2      | Reached skill level 7 in Crossbows
   982 | D:2      | Reached XP level 4. HP: 26/26 MP: 4/4
  1214 | D:2      | Found a faded altar of an unknown god.
  1245 | D:2      | Prayed at the altar of an unknown god.
  1245 | D:2      | Became a worshipper of Elyvilon the Healer
  1245 | D:2      | Reached * piety under Elyvilon
  1972 | D:3      | Reached skill level 8 in Crossbows
  1972 | D:3      | Reached XP level 5. HP: 30/30 MP: 5/5
  1973 | D:3      | Found a snail-covered altar of Cheibriados.
  2090 | D:3      | Found a glowing drain.
  2102 | Sewer    | Entered a sewer
  2167 | Sewer    | Reached ** piety under Elyvilon
  2310 | Sewer    | Noticed a kobold brigand
  2317 | Sewer    | Gained mutation: You tend to lose your temper in combat.
                  | [potion of mutation]
  2317 | Sewer    | Gained mutation: Your magical capacity is low. (-10% MP)
                  | [potion of mutation]
  2317 | Sewer    | Gained mutation: Armour fits poorly on your strangely
                  | shaped body. [potion of mutation]
  2327 | Sewer    | Killed a kobold brigand
  2328 | Sewer    | Reached skill level 9 in Crossbows
  2328 | Sewer    | Reached XP level 6. HP: 4/35 MP: 5/5
  2370 | Sewer    | Found an ancient bone altar of Kikubaaqudgha.
  2374 | Sewer    | Noticed Grinder
  2448 | Sewer    | Elyvilon protects you from harm!
  2448 | Sewer    | Elyvilon protects you from harm!
  2450 | Sewer    | Slain by a necrophage

Illustrated notes

Levels and vault maps discovered:
D:1:      saegor_arrival_simple_b, layout_rooms, minmay_pentomino_u4
D:2:      minmay_razor_zed, layout_basic, shapermc_ecumenical_altar_notcrosses,
          kennysheep_nub, st_stairs_12, roderic_serpentine_path
D:3:      layout_loops_cross, okawaru_ov_weapons_minmay, zin_treasury,
          slow_altar_1, portal_sewer_entry_b, nicolae_elevator_lobby_asterisk
Sewer:    kennysheep_sewer_church

Skill      XL: |  1  2  3  4  5 |
---------------+----------------+-----
Crossbows      | 6 7 8 9 |  9.3
Fighting       | |  2.1
Dodging        | |  2.4
Stealth        | |  1.3

Action                   |  1- 3 |  4- 6 || total
-------------------------+-------+-------++-------
 Fire: Hand crossbow     |    74 |   150 ||   224
  Use: Scroll            |       |     6 ||     6
       Potion            |       |     6 ||     6
Armor: Leather armour    |     9 |    13 ||    22
Dodge: Dodged            |    30 |    58 ||    88

Table legend: (Time is in decaauts)
 A = Elapsed time spent in this place.
 B = Non-inter-level travel time spent in this place.
 C = Inter-level travel time spent in this place.
 D = Time resting spent in this place.
 E = Time spent auto-exploring this place.
 F = Levels seen in this place.
 G = Mean time per level.
                   A        B        C        D        E       F      G
               +--------+--------+--------+--------+--------+-----+--------+
         Total |   2492 |   2468 |     24 |     60 |   1811 |   4 |  623.0 |
       Dungeon |   2136 |   2112 |     24 |      0 |   1650 |   3 |  712.0 |
         Sewer |    356 |    356 |      0 |     60 |    161 |   1 |  356.0 |
               +--------+--------+--------+--------+--------+-----+--------+

Top non-repeatable levels by time:
     D:2: 1028 daAuts
     D:1: 778 daAuts
   Sewer: 356 daAuts
     D:3: 329 daAuts
